Map: Cactus Valley LE (Void)

Players

SortOf - Winner!

  • Race: Zerg Zerg
  • Spawn Location: 5:00

Dolan

  • Race: Terran Terran
  • Spawn Location: 11:00

Event: WCS Austin 2017

VOD

Have the link to the VOD?

Description

Time

  • Played on: April 28, 2017, 6 p.m.
  • Length: 3:30

All games in this series

Show
View Real Time Build Order
Export as new Build Order

SortOf Zerg - Winner!

Build Orders: Pool First 

Get SALT Encoding   

  12  0:00  Drone  
  13  0:13  Drone  
  14  0:19  Overlord  
  14  0:25  Drone, Extractor  
  15  0:37  Drone x2  
  17  0:47  Drone  
  18  0:50  Extractor  
  18  0:52  Spawning Pool  
  18  0:56  Drone  
  17  1:08  Drone  
  18  1:19  Hatchery  
  18  1:23  Drone  
  18  1:30  Drone  
  19  1:39  Queen  
  21  1:42  Zergling x2  
  22  1:52  Roach Warren  
  21  1:58  Overlord  
  21  2:03  Drone  
  22  2:16  Queen  
  24  2:27  Spine Crawler  
  23  2:33  Roach  
  23  2:34  Roach  
  23  2:35  Roach  
  29  2:40  Roach  
  31  2:45  Roach  
  31  2:49  Overlord  
  32  3:10  Roach  
  32  3:17  Drone  
Show
View Real Time Build Order
Export as new Build Order

Dolan Terran 

Build Orders:  

Get SALT Encoding   

  12  0:00  SCV  
  13  0:13  Supply Depot  
  13  0:35  Barracks  
  13  0:46  Barracks  
  13  1:01  Barracks  
  13  1:06  SCV  
  14  1:18  SCV  
  14  1:22  Marine  
  16  1:32  Barracks  
  16  1:35  Marine  
  17  1:42  Marine  
  18  1:51  Marine  
  18  1:53  Marine  
  20  1:58  Supply Depot  
  20  2:01  Marine  
  21  2:09  Marine  
  21  2:12  Marine  
  23  2:19  Marine  
  23  2:22  Marine  
  25  2:26  Marine  
  26  2:32  Marine  
  27  2:37  Marine  
  27  2:40  Marine  
  29  2:44  Marine  
  29  2:49  Marine  
  31  2:55  Marine  
  31  3:01  Marine  
  31  3:02  Marine  
  31  3:12  Marine  
Tags
 
Add a new tag
Caveats
  • Supply blocks, unpowered buildings, or Contaminate may cause inaccurate times.
  • Supply counts are checked every 10 seconds.